 Dungeon Crawl Stone Soup version 0.27-a0-887-gcab673c142 (webtiles) character file.

Game seed: 9529758608442352436

4 Lanoc the Grave Robber (level 1, -2/15 HPs)
             Began as a Minotaur Necromancer on Apr 4, 2021.
             Killed from afar by a dart slug (6 damage)
             ... with a slug dart
             ... on level 1 of the Dungeon.
             The game lasted 00:00:15 (111 turns).

Lanoc the Grave Robber (Minotaur Necromancer)        Turns: 111, Time: 00:00:16

Health: -2/15      AC:  2    Str: 12    XL:     1   Next: 50%
Magic:  0/1        EV: 12    Int: 12    God:
Gold:   7          SH:  0    Dex: 10    Spells: 1/2 levels left

rFire    . . .     SeeInvis .   (no weapon)
rCold    . . .     Faith    .   (no shield)
rNeg     . . .     Spirit   .   a - +0 robe
rPois    .         Reflect  .   (helmet restricted)
rElec    .         Harm     .   (no cloak)
rCorr    .         Rampage  .   (no gloves)
Will     .....                  (no boots)
Stlth    ++........             (no amulet)
HPRegen  0.05/turn              (no ring)
MPRegen  0.07/turn              (no ring)

@: no status effects
A: horns 2, retaliatory headbutt
a: no special abilities


You were on level 1 of the Dungeon.
You visited 1 branch of the dungeon, and saw 1 of its levels.

You collected 7 gold pieces.

Inventory:

Armour
 a - a +0 robe (worn)


   Skills:
 + Level 0.6 Fighting
 + Level 2.3 Dodging
 - Level 1.5 Stealth
 - Level 1.3 Spellcasting
 + Level 3.0 Necromancy


You had one spell level left.
You knew the following spells:

 Your Spells              Type           Power      Damage    Failure   Level
a - Pain                  Necr           32%        1d5       9%          1

Your spell library contained the following spells:

 Spells                   Type           Power      Damage    Failure   Level
 Animate Skeleton         Necr           16%        N/A       9%          1
 Vampiric Draining        Necr           4%         2d6       26%         3
 Animate Dead             Necr           4%         N/A       63%         4
 Agony                    Necr           8%         N/A       93%         5


Dungeon Overview and Level Annotations

Branches:
Dungeon (1/15)

Altars:


Innate Abilities, Weirdness & Mutations

You have a pair of horns on your head.
You reflexively headbutt those who attack you in melee.


Message History

The giant cockroach is almost dead.
The giant cockroach bites you.
Casting: Pain (safe; 9% risk of failure)
Confirm with . or Enter, or press ? or * to list all spells.
You don't have enough magic to cast this spell.
You barely miss the giant cockroach.
You headbutt the giant cockroach, but do no damage.
The giant cockroach is almost dead.
The giant cockroach misses you. You furiously retaliate!
You headbutt the giant cockroach.
You kill the giant cockroach!
The hobgoblin hits you.
You barely miss the hobgoblin.
The hobgoblin hits you but does no damage.
You closely miss the hobgoblin. The hobgoblin barely misses you.
You furiously retaliate!
You headbutt the hobgoblin.
You kill the hobgoblin!
No target in view!
A dart slug comes into view.
You hit the dart slug. You headbutt the dart slug.
The dart slug is heavily wounded.
You hit the dart slug.
The dart slug is severely wounded.
The dart slug barely misses you.
You hit the dart slug but do no damage.
The dart slug is heavily wounded.
The dart slug launches a dart at you. The slug dart hits you!
Casting: Pain (safe; 9% risk of failure)
Confirm with . or Enter, or press ? or * to list all spells.
Aiming: Pain (safe; 9% risk of failure)
Press: ? - help, Shift-Dir - straight line, f - dart slug
Aim: a dart slug (heavily wounded, chance to affect: 73%)
The dart slug writhes in agony.
You are too injured to fight recklessly!
You hit the dart slug but do no damage.
The dart slug is almost dead.
The dart slug launches a dart at you. The slug dart hits you.
You die...

....># .#.#.##.#.
#####.#.#.##.#.####
#.....#.#.##.#.)..
#..#..#.#.#..#..#
..........##.#..#
..#..#.........#
#.#..#...##.##.#####.#
##.#..#.........@w....#
......###.##†##.###.....
##.#.............. ###
#.######..#.##.#.#
#.......#.#.##.#.#
#######.#...##.# #
#.##..##.# #.# ...#.#
#.# #..#


You could see a dart slug.

Vanquished Creatures
  A giant cockroach (D:1)
  2 hobgoblins (D:1)
3 creatures vanquished.

Notes
Turn   | Place    | Note
-------+----------+-------------------------------------------
     0 | D:1      | Lanoc the Minotaur Necromancer began the quest for the Orb.
     0 | D:1      | Reached XP level 1. HP: 14/14 MP: 1/1
    70 | D:1      | Reached skill level 3 in Necromancy
   111 | D:1      | Killed from afar by a dart slug

Illustrated notes

Levels and vault maps discovered:
D:1:      dpeg_arrival_yet_another_circle, layout_basic,
          ebering_ecumenical_altar_sacrificial, chequers_garden

Skill      XL: |  1 |
---------------+----+-----
Necromancy     | 3 |  3.0
Fighting       | |  0.6
Dodging        | |  2.3
Stealth        | |  1.5
Spellcasting   | |  1.3

Action                   || total
-------------------------++-------
Melee: Unarmed           ||    11
       Headbutt          ||     3
 Cast: Pain              ||     3
Armor: Robe              ||     1
Dodge: Dodged            ||     6

Table legend: (Time is in decaauts)
 A = Elapsed time spent in this place.
 B = Non-inter-level travel time spent in this place.
 C = Inter-level travel time spent in this place.
 D = Time resting spent in this place.
 E = Time spent auto-exploring this place.
 F = Levels seen in this place.
 G = Mean time per level.
                   A        B        C        D        E       F      G
               +--------+--------+--------+--------+--------+-----+--------+
         Total |    111 |    111 |      0 |      0 |     88 |   1 |  111.0 |
       Dungeon |    111 |    111 |      0 |      0 |     88 |   1 |  111.0 |
               +--------+--------+--------+--------+--------+-----+--------+

Top non-repeatable levels by time:
     D:1: 111 daAuts
